 Dungeon Crawl Stone Soup version 0.23-a0-516-g0f8c245 (webtiles) character file.

374 tatocazan the Cudgeler (level 6, -1/39 HPs)
             Began as a Gargoyle Fighter on Dec 5, 2018.
             Slain by a wraith (4 damage)
             ... in an ossuary.
             The game lasted 00:07:12 (3921 turns).

tatocazan the Cudgeler (Gargoyle Fighter)           Turns: 3921, Time: 00:07:13

Health: -1/39      AC: 14    Str: 20    XL:     6   Next: 72%
Magic:  6/6        EV:  7    Int:  8    God:
Gold:   236        SH: 10    Dex: 11    Spells: 5/5 levels left

rFire    . . .     SeeInvis .   a - +1 flail
rCold    . . .     Gourm    .   c - +1 shield
rNeg     + . .     Faith    .   b - +0 scale mail
rPois    ∞         Spirit   .   o - +0 helmet
rElec    +         Reflect  .   (no cloak)
rCorr    .         Harm     .   n - +0 pair of gloves
MR       .....                  (no boots)
Stlth    ..........             (no amulet)
HPRegen  0.13/turn              (no ring)
MPRegen  0.10/turn              (no ring)

@: slowed, very slow
A: negative energy resistance 1, electricity resistance, unbreathing,
petrification resistance, rot immunity, AC +4
a: no special abilities


You were in an ossuary.
You were hungry.

You visited 1 branch of the dungeon, and saw 4 of its levels.
You also visited: Ossuary.

You collected 236 gold pieces.

Inventory:

Hand Weapons
 a - a +1 flail (weapon)
Missiles
 m - 8 javelins of penetration (quivered)
 r - 2 throwing nets
Armour
 b - a +0 scale mail (worn)
 c - a +1 shield (worn)
 n - a +0 pair of gloves (worn)
 o - a +0 helmet (worn)
Jewellery
 v - an uncursed amulet of rage {unknown}
Wands
 t - a wand of iceblast (5)
 y - a wand of flame (11)
Scrolls
 e - 2 scrolls of remove curse
 h - 2 scrolls of teleportation
 j - 2 scrolls of identify
 q - 2 scrolls of enchant weapon
 w - a scroll of enchant armour
Potions
 d - a potion of might
 k - a potion of lignification {unknown}
 l - a potion of haste {unknown}
 p - 2 potions of curing {unknown}
 u - 3 potions of berserk rage
 x - a potion of brilliance {unknown}
 z - a potion of agility {unknown}
Comestibles
 f - 4 rations


   Skills:
 + Level 4.5 Fighting
 * Level 4.6 Maces & Flails
 + Level 4.6 Armour
 + Level 4.6 Shields


You had 5 spell levels left.
You didn't know any spells.
Your spell library was empty.

Dungeon Overview and Level Annotations

Branches:
Dungeon (4/15)             Temple (0/1) D:4

Altars:


Innate Abilities, Weirdness & Mutations

You are resistant to torment.
Your stone body is resilient. (AC +4)
You are immune to poison.
You resist negative energy. (rN+)
You are resistant to electric shocks. (rElec)
You can survive without breathing.
You are immune to petrification.
You are immune to rotting.


Message History

The wraith is severely damaged.
The wraith hits you. The orc skeleton hits you.
* * * LOW HITPOINT WARNING * * *
The gnoll skeleton hits you.
* * * LOW HITPOINT WARNING * * *
The wraith hits you.
* * * LOW HITPOINT WARNING * * *
The wraith drains your vigour!
You feel as though you will be slow longer.
You block the orc skeleton's attack.
You take 13 damage, and have 6/39 hp.
MASSIVE DAMAGE!!
You hit the wraith but do no damage.
The wraith is severely damaged.
The wraith hits you.
* * * LOW HITPOINT WARNING * * *
The wraith drains your vigour!
You feel as though you will be slow longer.
The gnoll skeleton hits you but does no damage.
The orc skeleton barely misses you. The wraith hits you.
You die...

+#### .. ....##
..##+##...##
.##.W.##W..## .
##.!!..##@..# ..
#.?.!?..#ZZ.+
...##...?.##...#
#...##...##...##
#...#####...## .
#.........##...
.#####'#####....
.................
.................


You could see a wraith, a gnoll skeleton and an orc skeleton.

Vanquished Creatures
  A phantom (D:4)
  2 orc wizards (D:3)
  An orc priest (D:3)
  2 mummies
  A worker ant zombie (D:3)
  3 gnolls (D:3)
  5 adders (D:2)
  2 oozes
  2 worms (D:2)
  2 dart slugs (D:1)
  5 leopard geckos
  An orc (D:3)
  5 giant cockroaches
  4 goblins
  5 hobgoblins
  7 jackals
  A ball python (D:1)
  4 bats
  A frilled lizard (D:3)
  4 gnoll skeletons (Ossuary)
  A goblin zombie (D:4)
  A hobgoblin zombie (D:4)
  5 kobolds
  2 kobold skeletons (Ossuary)
  3 orc skeletons (Ossuary)
  7 rats (D:1)
77 creatures vanquished.

Notes
Turn   | Place    | Note
-------+----------+-------------------------------------------
     0 | D:1      | tatocazan the Gargoyle Fighter began the quest for the Orb.
     0 | D:1      | Reached XP level 1. HP: 14/14 MP: 1/1
   184 | D:1      | Reached XP level 2. HP: 4/19 MP: 2/2
   991 | D:1      | Reached XP level 3. HP: 20/23 MP: 3/3
  1565 | D:2      | Reached XP level 4. HP: 27/29 MP: 4/4
  2106 | D:3      | Reached XP level 5. HP: 32/33 MP: 5/5
  3365 | D:3      | Reached XP level 6. HP: 26/38 MP: 6/6
  3552 | D:4      | Found a staircase to the Ecumenical Temple.
  3563 | D:4      | Noticed a phantom
  3599 | D:4      | Killed a phantom
  3807 | D:4      | Found a sand-covered staircase.
  3818 | Ossuary  | Entered an ossuary
  3818 | Ossuary  | Noticed a wraith
  3818 | Ossuary  | Noticed a wraith
  3818 | Ossuary  | Noticed a wraith
  3903 | Ossuary  | Noticed a wraith
  3921 | Ossuary  | Slain by a wraith

Vault maps used:
D:1:      wander_arrival_fairy_ring
D:3:      first_ration, grunt_decor_cap
D:4:      temple_doors_cd, nicolae_ossuary_entry_giza
Ossuary:  ossuary_due_mausoleum

Skill      XL: |  1  2  3  4  5 |
---------------+----------------+-----
Maces & Flails | 3 4 |  4.6
Shields        | 4 |  4.6
Armour         | 4 |  4.6
Fighting       | 4 |  4.5

Action                   |  1- 3 |  4- 6 || total
-------------------------+-------+-------++-------
Melee: Flail             |   184 |   181 ||   365
Evoke: Wand              |       |     9 ||     9
  Use: Potion            |       |     1 ||     1
       Scroll            |       |     7 ||     7
  Eat: Chunk             |     2 |     4 ||     6
       Ration            |       |     1 ||     1
Armor: Scale mail        |   117 |    94 ||   211
Dodge: Dodged            |    76 |    52 ||   128
Block: Shield            |   114 |    81 ||   195

Table legend:
 A = Non-vault XP
 B = Vault XP
 C = Vault XP percentage of total XP
 D = Non-vault monster count
 E = Vault monster count
 F = Vault count percentage of total count
                 A         B        C        D         E       F
            +---------+---------+-------+---------+---------+-------
      Total |     485 |      50 |   9.3 |      64 |      13 |  16.9
            +---------+---------+-------+---------+---------+-------
        D:1 |      56 |       0 |   0.0 |      28 |       0 |   0.0
        D:2 |     107 |       0 |   0.0 |      20 |       0 |   0.0
        D:3 |     202 |       0 |   0.0 |      15 |       0 |   0.0
        D:4 |     120 |      23 |  16.1 |       1 |       3 |  75.0
    Ossuary |       0 |      27 | 100.0 |       0 |      10 | 100.0
            +---------+---------+-------+---------+---------+-------
